 Dungeon Crawl Stone Soup version 0.28.0-49-g6dfe1f597d (webtiles) character file.

Game seed: 3761402776991574080

5 joe1234567 the Magician (level 1, 8/9 HPs)
             Began as a Vine Stalker Hedge Wizard on May 18, 2022.
             Quit the game on level 1 of the Dungeon.
             The game lasted 00:01:10 (89 turns).

joe1234567 the Magician (Vine Stalker Hedge Wizard)   Turns: 89, Time: 00:01:10

Health: 8/9        AC:  2    Str: 12    XL:     1   Next: 80%
Magic:  6/6        EV: 12    Int: 14    God:
Gold:   0          SH:  0    Dex: 13    Spells: 6/7 levels left

rFire   . . .      SeeInvis .   a - +0 dagger
rCold   . . .      Faith    .   (no shield)
rNeg    . . .      Spirit   +   b - +0 robe
rPois   .          Reflect  .   c - +0 hat
rElec   .          Harm     .   (no cloak)
rCorr   .          Rampage  .   (no gloves)
Will    .....                   (no boots)
Stlth   ++........              (no amulet)
HPRegen 0.03/turn               (no ring)
MPRegen 0.10/turn               (no ring)

@: no status effects
A: fangs 2, magic shield, antimagic bite, no potion heal 2
a: no special abilities


You were on level 1 of the Dungeon.
You visited 1 branch of the dungeon, and saw 1 of its levels.

Inventory:

Hand Weapons
 a - a +0 dagger (weapon)
Armour
 b - a +0 robe (worn)
 c - a +0 hat (worn)
Potions
 d - a potion of lignification {unknown}


   Skills:
 + Level 1.5 Dodging
 + Level 2.4 Stealth
 + Level 3.6 Spellcasting
 + Level 1.0 Conjurations
 + Level 1.0 Summonings
 + Level 1.0 Translocations


You had 6 spell levels left.
You knew the following spells:

 Your Spells              Type           Power      Damage    Failure   Level
a - Magic Dart            Conj           20%        1d4       13%         1

Your spell library contained the following spells:

 Spells                   Type           Power      Damage    Failure   Level
 Slow                     Hex            8%         N/A       21%         1
 Blink                    Tloc           10%        N/A       21%         2
 Call Imp                 Summ           5%         N/A       21%         2
 Conjure Flame            Conj/Fire      3%         6-21      43%         3
 Mephitic Cloud           Conj/Pois/Air  3%         N/A       45%         3


Dungeon Overview and Level Annotations

Branches:
Dungeon (1/15)

Altars:


Innate Abilities, Weirdness & Mutations

You have extremely sharp teeth.
When hurt, damage is shared between your health and your magic reserves.
Your bite disrupts and absorbs the magic of your enemies.
Potions cannot restore your health.


Message History

You kill the quokka!
The magic dart hits the endoplasm.
The endoplasm is moderately wounded.
The endoplasm completely misses you.
You are too depleted to draw on your mana recklessly!
You are too depleted to draw on your mana recklessly!
You are too depleted to draw on your mana recklessly!
You hit the endoplasm but do no damage. You punch the endoplasm.
You kill the endoplasm!
d - an orange potion The bat hits you but does no damage.
The bat barely misses you. The bat closely misses you.
The bat barely misses you. The bat barely misses you.
The bat hits you but does no damage. The bat closely misses you.
Why would you want to do that? Why would you want to do that?
Why would you want to do that? Why would you want to do that?
Why would you want to do that? The bat hits you but does no damage.
The bat closely misses you. The bat hits you.
You hit the bat. Your bite misses the bat.
The bat is severely wounded.
The bat hits you. The bat closely misses you.
You hit the bat.
You kill the bat!
A bat comes into view.
You see here a +0 chain mail.
You barely miss the bat. Your punch misses the bat.
The bat hits you but does no damage.
You hit the bat.
The bat is severely wounded.
The bat closely misses you.
You closely miss the bat. You bite the bat.
You kill the bat!
Are you sure you want to abandon this character and quit the game? (Confirm with "yes".)

#.# #.# #.#
#####.# .....#
...# ####.### #.
#....@.#
#...###.##.#.###
................
#.#...#..#.#+###
#...#..#...
.#...#..#.....
...#.#..#......
......#..#... ..
.. .........# #


There were no monsters in sight!

Vanquished Creatures
  2 bats (D:1)
  An endoplasm (D:1)
  A quokka (D:1)
4 creatures vanquished.

Notes
Turn   | Place    | Note
-------+----------+-------------------------------------------
     0 | D:1      | joe1234567 the Vine Stalker Hedge Wizard began the quest
                  | for the Orb.
     0 | D:1      | Reached XP level 1. HP: 9/9 MP: 5/5
    89 | D:1      | Quit the game

Illustrated notes

Levels and vault maps discovered:
D:1:      moated_graveyard_arrival, layout_basic, serial_shops,
          nicolae_shop_behind_doors

Action                   || total
-------------------------++-------
Melee: Dagger            ||     6
       Punch             ||     1
       Bite              ||     1
 Cast: Magic Dart        ||     5
Armor: Robe              ||     4
Dodge: Dodged            ||     9
